 Dungeon Crawl Stone Soup version 0.30-a0-972-gf3ab3527aa (webtiles) character file.

Game seed: 10138498775313132473

28 tilp the Sneak (level 2, -2/21 HPs)
             Began as a Vampire Enchanter on Mar 31, 2023.
             Slain by an orc
             ... wielding a +3 flail
              (6 damage)
             ... on level 1 of the Dungeon.
             The game lasted 00:01:37 (672 turns).

tilp the Sneak (Vampire Enchanter)                   Turns: 672, Time: 00:01:37

Health: -2/21      AC:  4    Str:  7    XL:     2   Next: 96%
Magic:  2/5        EV: 12    Int: 17    God:
Gold:   44         SH:  0    Dex: 14    Spells: 3/5 levels left

rFire   . . .      SeeInvis +    a - +1 dagger
rCold   . . .      Faith    .    (no shield)
rNeg    . . .      Spirit   .    b - +0 robe
rPois   .          Reflect  .    (no helmet)
rElec   .          Rampage  .    d - +0 cloak
rCorr   .                        f - +0 pair of gloves
Will    .....                    (no boots)
Stlth   +++                      (no amulet)
HPRegen 0.43/turn                (no ring)
MPRegen 0.09/turn                (no ring)

@: healing quickly
A: alive, fangs 3, see invisible, vampiric 1
a: Exsanguinate


You were on level 1 of the Dungeon.
You visited 1 branch of the dungeon, and saw 2 of its levels.

You collected 44 gold pieces.

Inventory:

Hand Weapons
 a - a +1 dagger (weapon)
Missiles
 e - 4 stones
 g - 9 poisoned darts (quivered)
Armour
 b - a +0 robe (worn)
 d - a +0 cloak (worn)
 f - a +0 pair of gloves (worn)
Scrolls
 i - a scroll of poison
Potions
 c - 2 potions of invisibility


   Skills:
 * Level 1.0 Fighting
 * Level 1.9 Short Blades
 + Level 2.4 Dodging
 + Level 4.7 Stealth
 + Level 2.1 Spellcasting
 + Level 4.5 Hexes


You had 3 spell levels left.
You knew the following spells:

 Your Spells              Type           Power      Damage    Failure   Level
a - Ensorcelled Hibernat  Hex/Ice        18%        N/A       12%         2

Your spell library contained the following spells:

 Spells                   Type           Power      Damage    Failure   Level
 Confusing Touch          Hex            17%        N/A       9%          3
 Tukima's Dance           Hex            17%        N/A       9%          3
 Dazzling Flash           Conj/Hex       18%        N/A       22%         3


Dungeon Overview and Level Annotations

Branches:
Dungeon (2/15)

Altars:


Innate Abilities, Weirdness & Mutations

Your natural rate of healing is accelerated.
You have razor-sharp teeth.
You have supernaturally acute eyesight. (SInv)
You are afflicted with vampirism.


Message History

Unknown command.
Unknown command.
You hit the orc.
The orc is moderately wounded.
The orc closely misses you.
You barely miss the orc.
The orc is lightly wounded.
The orc hits you with a +3 flail!
* * * LOW HITPOINT WARNING * * *
You hit the orc but do no damage.
The orc is lightly wounded.
The orc hits you but does no damage.
You hit the orc but do no damage.
The orc is lightly wounded.
The orc barely misses you.
You barely miss the orc. You bite the orc, but do no damage.
The orc is lightly wounded.
The orc barely misses you.
You hit the orc but do no damage.
The orc is lightly wounded.
The orc hits you with a +3 flail.
* * * LOW HITPOINT WARNING * * *
Unknown command.
Casting: Ensorcelled Hibernation (safe; 12% risk of failure)
Confirm with . or Enter, or press ? or * to list all spells.
You don't have enough magic to cast this spell.
Unknown command.
Unknown command.
You closely miss the orc.
The orc is lightly wounded.
The orc hits you but does no damage.
You hit the orc but do no damage.
The orc is lightly wounded.
The orc closely misses you.
You hit the orc but do no damage.
The orc is lightly wounded.
You hit the orc but do no damage.
The orc is lightly wounded.
The orc hits you with a +3 flail.
You die...

.........##..#.#.#.###†.####
..#.#....##.............###
....#....##.###..#........#
...##....#..# #.###..#..###
.#.##....#.####.####.#..#
........†..# #....##....######
........##.###....#..........#
####..#.#.........#..........#
##.##...##....@.#.)........#
###............o.##..........#
.....#.###.#......#..........#
♣♣♣♣♣♣♣♣♣~.#......###.#.######
♣♣≈≈≈≈♣♣♣~~###).#..#..#.#
~~~~~~~~~♣♣#...##.....#.###
~~~~~~~~~♣ #.#.##.........#
~~~~<~~~~♣♣#...##.........#
~~~~~~~~~≈♣...###.........###


You could see an orc.

Vanquished Creatures
  2 orcs (D:2)
  An endoplasm (D:1)
  2 giant cockroaches (D:1)
  A hobgoblin (D:1)
  4 jackals (D:1)
  4 kobolds (D:1)
  4 ball pythons (D:1)
  2 frilled lizards (D:1)
  2 goblins (D:1)
  3 rats (D:1)
25 creatures vanquished.

Notes
Turn   | Place    | Note
-------+----------+-------------------------------------------
     0 | D:1      | tilp the Vampire Enchanter began the quest for the Orb.
     0 | D:1      | Reached XP level 1. HP: 13/13 MP: 3/3
   138 | D:1      | Reached XP level 2. HP: 20/20 MP: 5/5
   155 | D:1      | Learned a level 2 spell: Ensorcelled Hibernation
   465 | D:1      | Found a faded altar of an unknown god.
   659 | D:2      | Reached skill level 1 in Fighting
   672 | D:1      | Slain by an orc

Illustrated notes

Levels and vault maps discovered:
D:1:      reono_arrival_forest_river, layout_rooms,
          chequers_ecumenical_altar_island
D:2:      layout_loops_ring, uniq_terence, uniq_sigmund

Skill      XL: |  1  2 |
---------------+-------+-----
Fighting       | 1 |  1.0
Short Blades   | |  1.9
Dodging        | |  2.4
Stealth        | |  4.7
Spellcasting   | |  2.1
Hexes          | |  4.5

Action                     || total
---------------------------++-------
  Melee: Dagger            ||    61
         Bite              ||     4
         Punch             ||     1
   Cast: Ensorcelled Hiber ||     7
    Use: Scroll            ||     2
   Stab: Sleeping          ||    11
 Armour: Robe              ||    24
  Dodge: Dodged            ||    36

Table legend: (Time is in decaauts)
 A = Elapsed time spent in this place.
 B = Non-inter-level travel time spent in this place.
 C = Inter-level travel time spent in this place.
 D = Time resting spent in this place.
 E = Time spent auto-exploring this place.
 F = Levels seen in this place.
 G = Mean time per level.
                   A        B        C        D        E       F      G
               +--------+--------+--------+--------+--------+-----+--------+
         Total |    672 |    660 |     12 |    100 |    370 |   2 |  336.0 |
       Dungeon |    672 |    660 |     12 |    100 |    370 |   2 |  336.0 |
               +--------+--------+--------+--------+--------+-----+--------+

Top non-repeatable levels by time:
     D:1: 668 daAuts
     D:2: 3 daAuts
